 Dungeon Crawl Stone Soup version 0.19-a0-1268-g6c5d9f8 (webtiles) character file.

22690 sveltemanboy the Frost Mage (level 12, -5/100 HPs)
             Began as a High Elf Ice Elementalist on Aug 29, 2016.
             Was the Champion of Hepliaklqana.
             Slain by a blink frog (8 damage)
             ... on level 4 of the Lair of Beasts.
             The game lasted 01:24:04 (18289 turns).

sveltemanboy the Frost Mage (HEIE)                 Turns: 18289, Time: 01:24:05

Health: -5/100     AC: 26    Str:  5    XL:     12   Next: 65%
Magic:  8/28       EV:  2    Int: 22    God:    Hepliaklqana [******]
Gold:   423        SH:  4    Dex: 17    Spells: 6 memorised, 3 levels left

rFire  . . .     SeeInvis +     m - +1 falchion (flame)
rCold  . . .     Gourm    .     (armour currently unavailable)
rNeg   + + +     Faith    .     (no shield)
rPois  +         Spirit   .     (helmet currently unavailable)
rElec  .         Dismiss  .     (cloak currently unavailable)
rCorr  .         Reflect  +     (gloves currently unavailable)
MR     +....     Harm     .     (boots currently unavailable)
Stlth  ++++...... NoTele   +    q - +4 amulet of reflection
                                H - ring of the Nine Beggars {rPois Str-4 SInv Stlth+} (curse)
                                x - ring of magical power

@: tree-form
A: regeneration 1
a: Recall Ancestor, Ancestor Identity, Transference, Idealise, Renounce Religion


You were on level 4 of the Lair of Beasts.
You worshipped Hepliaklqana.
Hepliaklqana was exalted by your worship.
You were not hungry.
You were a tree.
You visited 3 branches of the dungeon, and saw 16 of its levels.
You also visited: Sewer.

You collected 1093 gold pieces.
You spent 670 gold pieces at shops.

Inventory:

Hand Weapons
 m - a +1 falchion of flaming (weapon)
Missiles
 i - 350 stones (quivered)
Armour
 a - a +0 pair of boots (melded)
 g - a +0 pair of gloves (melded)
 s - a +1 helmet (melded)
 v - the +0 robe "Seulate" (melded) {Str+2 Int+4 Dex+2}
   (You found it on level 10 of the Dungeon)

   It affects your strength (+2).
   It affects your intelligence (+4).
   It affects your dexterity (+2).
 I - a +0 cloak (melded)
Jewellery
 q - a +4 amulet of reflection (around neck)
 x - a ring of magical power (left branch)
 G - an uncursed amulet of regeneration
 H - the cursed ring of the Nine Beggars (right branch) {rPois Str-4 SInv Stlth+}
   (You bought it in a shop on level 11 of the Dungeon)

   [ring of strength]

   It affects your strength (-4).
   It protects you from poison.
   It lets you see invisible.
   It makes you more stealthy.
   It has a curse placed upon it.
 L - an uncursed ring of protection from cold
Wands
 n - a wand of random effects (13/48)
 A - a wand of confusion (25/48)
 C - a wand of polymorph (11/24)
 D - a wand of digging (24/24)
 O - a wand of iceblast (10/15)
Scrolls
 b - a scroll of fear
 d - 4 scrolls of enchant weapon
 h - 3 scrolls of magic mapping
 j - 4 scrolls of identify
 k - a scroll of fog
 o - 4 scrolls of amnesia
 y - 4 scrolls of remove curse
 B - 4 scrolls of teleportation
 F - 2 scrolls of silence
 N - 4 scrolls of recharging
Potions
 e - a potion of resistance
 p - 2 potions of might
 r - 5 potions of brilliance
 t - a potion of lignification
 u - 6 potions of flight
 w - 7 potions of curing
 z - 6 potions of agility
Comestibles
 c - 12 bread rations
 f - 9 meat rations
 l - 10 fruits
 E - 5 chunks of flesh
 K - 3 beef jerkies
 M - 7 slices of pizza


   Skills:
 - Level 4.4 Fighting
 * Level 13.1 Long Blades
 + Level 2.6 Armour
 - Level 6.4 Dodging
 - Level 2.1 Stealth
 - Level 4.0 Spellcasting
 - Level 3.5 Conjurations
 - Level 4.4 Charms
 - Level 3.2 Summonings
 - Level 13.3 Ice Magic
 - Level 4.2 Air Magic
 + Level 5.9 Invocations


You had 3 spell levels left.
You knew the following spells:

 Your Spells              Type           Power        Failure   Level  Hunger
a - Freeze                Ice            ####         1%          1    None
b - Swiftness             Chrm/Air       ###.....     3%          2    #......
c - Ozocubu's Armour      Chrm/Ice       #####...     1%          3    ###....
d - Summon Ice Beast      Ice/Summ       #####...     4%          4    ####...
e - Throw Icicle          Conj/Ice       #####...     4%          4    ####...
f - Repel Missiles        Chrm/Air       ###...       3%          2    #......


Dungeon Overview and Level Annotations

Branches:
Dungeon (11/15)            Temple (1/1) D:5            Lair (4/6) D:9
 Shoals (0/4) Lair:3       Spider (0/4) Lair:3          Orc (0/2) D:11

Altars:
Ashenzari
Cheibriados
Dithmenos
Elyvilon
Fedhas
Gozag
Hepliaklqana
Kikubaaqudgha
Makhleb
Nemelex Xobeh
Okawaru
Qazlal
Ru
Sif Muna
Trog
Uskayaw
Vehumet
Xom
Yredelemnul
Zin
The Shining One

Shops:
D:4 }   D:7 %   D:10 (   D:11 =%(:=


Innate Abilities, Weirdness & Mutations

Your natural rate of healing is unusually fast.


Message History

The blink frog hits you but does no damage. x2
Your ice beast hits the blink frog.
Your ice beast freezes the blink frog!
The blink frog seems to slow down.
The komodo dragon bites your ice beast!!
Your ice beast dies!
Casting: Summon Ice Beast
Confirm with . or Enter, or press ? or * to list all spells.
A chill wind blows around you.
The blink frog blinks!
The blink frog hits you but does no damage.
The blink frog blinks!
The komodo dragon bites you!!
* * * LOW HITPOINT WARNING * * *
Unknown command.
Casting: Summon Ice Beast
Confirm with . or Enter, or press ? or * to list all spells.
A chill wind blows around you.
The blink frog is no longer moving slowly.
The blink frog barely misses you.
You riposte.
You miss the blink frog.
The blink frog is heavily wounded.
The blink frog hits you!
You die...

###........###...
.......(.#.....# .P ##.
........ #.... ...
#..##.....§###...## ....
F...(.......#.?.#.## ....
#....#...≈.....#.##....
..#......≈≈≈≈.<.≈.###....
..F....YlF≈≈≈≈≈≈≈≈....P..
......YP♣F≈≈≈≈≈≈≈≈....#.#
.......#.§≈FF≈≈≈≈≈≈>...#
.......##(≈≈≈≈≈≈≈≈.....##
....... #..≈≈≈≈≈≈≈....#.#
....... ##..≈≈≈≈≈......##
.#..... ##............#
.....# ##....####...#
#...### ##..# #.#..# P.##


You could see a komodo dragon, 5 blink frogs and 2 friendly ice beasts.

Vanquished Creatures
  Rupert (Lair:3)
  2 hydras
  Pikel (D:7)
  A siren (Lair:3)
  2 black mambas
  A centaur skeleton (D:10)
  2 spiny frogs
  A komodo dragon (D:9)
  2 trolls
  A shadow (D:11)
  2 yaks (D:10)
  Eustachio (D:4)
  3 hippogriffs
  2 slaves (D:7)
  An orc warrior (D:11)
  2 ice beasts
  4 phantoms
  A black bear (D:10)
  3 sky beasts
  4 ogres
  3 centaurs
  2 wolves
  4 crocodiles
  2 big kobolds
  10 giant frogs
  A gnoll sergeant (D:11)
  A water moccasin zombie (D:8)
  A scorpion (D:4)
  12 killer bees
  5 howler monkeys
  2 crimson imps
  A giant frog zombie (D:11)
  5 hounds
  3 jellies
  3 orc priests (D:8)
  8 orc wizards
  Ijyb (D:2)
  5 iguanas
  A hell rat (Lair:2)
  A worker ant (D:9)
  A yak simulacrum (Lair:2)
  A wolf simulacrum (Lair:2)
  A hexer (D:7)
  A hound zombie (D:7)
  A hound skeleton (D:4)
  A worker ant zombie (D:11)
  Robin (D:2)
  4 gnolls
  13 adders
  18 river rats
  An ooze (D:4)
  6 worms
  2 dart slugs (D:2)
  3 giant geckos
  18 orcs
  3 giant cockroaches
  8 hobgoblins
  5 jackals
  15 kobolds
  2 quokkas (D:10)
  7 ball pythons
  5 bats
  A giant gecko skeleton (D:4)
  A giant gecko zombie (D:8)
  5 giant newts
  18 goblins
  A quokka skeleton (D:7)
  29 rats
  2 river rat simulacra (Lair:2)
282 creatures vanquished.

Vanquished Creatures (collateral kills)
  Harold (D:10)
  2 hydras
  Sonja (Lair:2)
  An unseen horror (D:11)
  5 hill giants
  An orb spider (Lair:3)
  A necromancer (Lair:2)
  A manticore (D:11)
  2 sirens (Lair:3)
  2 spiny frogs
  A torpor snail (Lair:3)
  A gargoyle (D:11)
  A troll (D:11)
  A merfolk (Lair:3)
  Prince Ribbit (D:6)
  4 blink frogs (Lair:2)
  2 dream sheep (D:9)
  Sigmund (D:3)
  12 yaks
  2 wraiths
  3 hippogriffs
  A mottled dragon (D:11)
  Duvessa (D:6)
  3 water moccasins
  5 orc warriors
  A slave (D:7)
  A sky beast (D:7)
  3 black bears
  A wasp (D:9)
  An ice beast (D:11)
  3 ogres
  4 wolves
  A centaur (D:10)
  3 crocodiles
  6 big kobolds
  7 giant frogs
  A gnoll sergeant (D:11)
  Dowan (D:6)
  2 scorpions
  10 killer bees
  2 howler monkeys
  A crimson imp (D:10)
  A hound (D:5)
  A jelly (D:9)
  2 orc priests
  A giant frog skeleton (D:5)
  5 orc wizards
  An iguana (Lair:2)
  A hell rat (Lair:2)
  2 worker ants
  2 yak simulacra (Lair:2)
  2 wolf simulacra (Lair:2)
  2 gnolls
  5 adders
  18 river rats
  A shadow imp (D:5)
  A giant gecko (D:6)
  17 orcs
  5 kobolds (Sewer)
  A quokka (D:5)
  A giant newt (D:5)
  3 rats
  A fungus (Lair:3)
177 creatures vanquished.

Vanquished Creatures (others)
  A slave (D:7)
  6 hexers
  An ancestor (D:5)
  An adder (D:7)
  An orc (D:7)
  A ball python (D:7)
  A fungus (Lair:1)
  5 plants (D:9)
17 creatures vanquished.

Grand Total: 476 creatures vanquished

Notes
Turn   | Place    | Note
-------+----------+-------------------------------------------
     0 | D:1      | sveltemanboy the High Elf Ice Elementalist began the quest for the Orb.
     0 | D:1      | Reached XP level 1. HP: 11/11 MP: 4/4
   552 | D:1      | Reached XP level 2. HP: 18/18 MP: 3/6
   583 | D:1      | Learned a level 2 spell: Throw Frost
   776 | D:2      | Reached skill level 1 in Fighting
  1383 | D:2      | Reached XP level 3. HP: 23/23 MP: 6/8
  1436 | D:2      | Noticed Ijyb
  1481 | D:2      | Killed Ijyb
  1554 | D:2      | Learned a level 3 spell: Ozocubu's Armour
  1603 | D:2      | Reached XP level 4. HP: 28/28 MP: 4/9
  1793 | D:2      | Noticed Robin
  1799 | D:2      | Reached skill level 1 in Armour
  1878 | D:2      | Killed Robin
  1949 | D:2      | Reached skill level 1 in Charms
  2436 | D:2      | Noticed a giant frog
  2495 | D:2      | Killed a giant frog
  2495 | D:2      | Reached skill level 1 in Long Blades
  2495 | D:2      | Reached skill level 5 in Ice Magic
  2495 | D:2      | Reached XP level 5. HP: 19/33 MP: 0/10
  2633 | D:2      | Learned a level 4 spell: Summon Ice Beast
  3178 | D:3      | Found a glowing drain.
  3216 | Sewer    | Entered a sewer
  3239 | Sewer    | Reached XP level 6. HP: 38/38 MP: 7/11
  3603 | Sewer    | Reached skill level 1 in Summonings
  4187 | Sewer    | Reached XP level 7. HP: 33/43 MP: 0/12
  4472 | D:3      | Noticed Sigmund
  4486 | D:3      | Killed Sigmund
  4796 | D:3      | Found a hide-covered altar of Uskayaw.
  4925 | D:3      | Reached XP level 8. HP: 14/48 MP: 10/13
  5474 | D:4      | Gained mutation: You are partially covered in rough black scales. (AC +2, Dex -1) [potion of beneficial mutation]
  5489 | D:4      | Reached skill level 5 in Long Blades
  5730 | D:4      | Found Subroibo's Gadget Shop.
  5952 | D:4      | Noticed Eustachio
  5959 | D:4      | Killed Eustachio
  6614 | D:5      | Entered Level 5 of the Dungeon
  6874 | D:5      | Found a staircase to the Ecumenical Temple.
  6885 | Temple   | Entered the Ecumenical Temple
  6946 | Temple   | Became a worshipper of Hepliaklqana
  7293 | D:5      | Reached XP level 9. HP: 17/47 MP: 14/14
  7589 | D:5      | Found a stormy altar of Qazlal.
  8036 | D:5      | Reached * piety under Hepliaklqana
  8074 | D:5      | Learned a level 4 spell: Throw Icicle
  8503 | D:6      | Found a basalt altar of Yredelemnul.
  8515 | D:6      | Reached skill level 1 in Invocations
  8668 | D:6      | Noticed Prince Ribbit
  8676 | D:6      | Killed Prince Ribbit
  8923 | D:6      | Noticed Duvessa
  8923 | D:6      | Noticed Dowan
  8932 | D:6      | Killed Duvessa
  8951 | D:6      | Killed Dowan
  9235 | D:7      | Reached ** piety under Hepliaklqana
  9236 | D:7      | Remembered your ancestor Tochtli as a hexer
  9304 | D:7      | Noticed Pikel
  9317 | D:7      | Killed Pikel
  9317 | D:7      | Reached skill level 10 in Ice Magic
  9756 | D:7      | Gained mutation: You are partially covered in icy blue scales. (AC +2) [potion of mutation]
  9756 | D:7      | Gained mutation: You tend to lose your temper in combat. [potion of mutation]
  9756 | D:7      | Gained mutation: You expend magic power (3 MP) to strengthen your wands. [potion of mutation]
  9757 | D:7      | Lost mutation: You expend magic power (3 MP) to strengthen your wands. [potion of cure mutation]
  9757 | D:7      | Lost mutation: You are partially covered in rough black scales. (AC +2, Dex -1) [potion of cure mutation]
  9757 | D:7      | Lost mutation: You tend to lose your temper in combat. [potion of cure mutation]
  9757 | D:7      | Lost mutation: You are partially covered in icy blue scales. (AC +2) [potion of cure mutation]
  9855 | D:7      | Gained mutation: Your natural rate of healing is unusually fast. [mutagenic meat]
  9910 | D:7      | Found an iron altar of Okawaru.
  9930 | D:7      | Reached XP level 10. HP: 50/52 MP: 15/15
 10115 | D:7      | Found Tunu's Food Shoppe.
 10356 | D:8      | Found an iron altar of Okawaru.
 10617 | D:8      | Found a hide-covered altar of Uskayaw.
 10824 | D:8      | Found a shattered altar of Ashenzari.
 10974 | D:8      | Found a burning altar of Makhleb.
 11090 | D:9      | Reached *** piety under Hepliaklqana
 11581 | D:9      | Found a staircase to the Lair.
 11975 | D:9      | Reached skill level 5 in Dodging
 12082 | D:9      | Noticed a three-headed hydra
 12088 | D:9      | Killed a one-headed hydra
 12238 | D:10     | Entered Level 10 of the Dungeon
 12317 | D:10     | Reached XP level 11. HP: 49/56 MP: 16/16
 12517 | D:10     | Found Xiesu's Weapon Boutique.
 12517 | D:10     | Noticed a hill giant
 12541 | D:10     | Killed a hill giant
 12546 | D:10     | Reached skill level 10 in Long Blades
 12818 | D:10     | Found a hazy altar of Hepliaklqana.
 12820 | D:10     | Reached **** piety under Hepliaklqana
 12830 | D:10     | Noticed a hill giant
 12847 | D:10     | Killed a hill giant
 12876 | D:10     | Got a creamy pearl robe
 12899 | D:10     | Noticed Harold
 12908 | D:10     | Killed Harold
 13030 | D:10     | Identified the +0 robe "Seulate" {Str+2 Int+4 Dex+2} (You found it on level 10 of the Dungeon)
 13257 | D:11     | Noticed a hill giant
 13268 | D:11     | Killed a hill giant
 13619 | D:11     | Found Ixixa's Jewellery Emporium.
 13627 | D:11     | Bought an uncursed amulet of regeneration for 450 gold pieces
 13628 | D:11     | Bought the cursed ring of the Nine Beggars {rPois Str-4 SInv Stlth+} for 220 gold pieces
 13698 | D:11     | Found Taifi's Food Shop.
 13729 | D:11     | Noticed an unseen horror
 13736 | D:11     | Found Beal's Jewellery Shop.
 13748 | D:11     | Killed an unseen horror
 13788 | D:11     | Found Asiskih's Antique Weapon Shop.
 13789 | D:11     | Noticed a hill giant
 13831 | D:11     | Killed a hill giant
 13878 | D:11     | Learned a level 2 spell: Repel Missiles
 14039 | D:11     | Reached ***** piety under Hepliaklqana
 14242 | D:11     | Found a staircase to the Orcish Mines.
 14371 | D:11     | Found Nausm's Book Boutique.
 14387 | D:11     | Noticed a hill giant
 14396 | D:11     | Killed a hill giant
 14460 | D:11     | Learned a level 2 spell: Swiftness
 14662 | D:11     | Reached skill level 5 in Invocations
 14996 | Lair:1   | Entered Level 1 of the Lair of Beasts
 15045 | Lair:1   | Got a jewelled leather armour
 15046 | Lair:1   | Identified the +4 leather armour of Parts Unknown {Regen+ Dex-5 SInv} (You found it on level 1 of the Lair of Beasts)
 15906 | Lair:2   | Reached XP level 12. HP: 67/67 MP: 10/18
 15909 | Lair:2   | Reached skill level 1 in Air Magic
 16124 | Lair:2   | Noticed Sonja
 16133 | Lair:2   | Killed Sonja
 16291 | Lair:2   | Noticed a four-headed hydra
 16301 | Lair:2   | Killed a two-headed hydra
 16550 | Lair:2   | Reached ****** piety under Hepliaklqana
 17145 | Lair:3   | Noticed a four-headed hydra
 17150 | Lair:3   | Noticed Rupert
 17153 | Lair:3   | Killed a one-headed hydra
 17188 | Lair:3   | Killed Rupert
 17325 | Lair:3   | Found a white marble altar of Elyvilon.
 17807 | Lair:3   | Found a hole to the Spider Nest.
 17963 | Lair:3   | Found a staircase to the Shoals.
 18265 | Lair:4   | Noticed a seven-headed hydra
 18287 | Lair:4   | Killed a one-headed hydra
 18288 | Lair:4   | HP: 2/100 [komodo dragon (19)]
 18289 | Lair:4   | Slain by a blink frog

Vault maps used:
D:1:      nagdon_arrival_zigzag_paths
D:2:      minmay_divided_ellipse, uniq_iyjb, uniq_robin
D:3:      lemuel_doored_altar, portal_sewer_entry_c, hangedman_feature_mirror,
          wad_floor_pattern_1, uniq_sigmund
D:4:      first_bread, serial_shops, shop, uniq_eustachio
D:5:      nicolae_overflow_hidden_temple, serial_bayou, serial_bayou_pond_d,
          serial_bayou_pond_c, serial_bayou_pond_e, serial_bayou_ford_a,
          serial_bayou_shore_a, serial_bayou_lagoon_a, serial_bayou_pond_d,
          kennysheep_generic_room_6
D:6:      overflow_temple_1_default, dk_noncrumbling_4, uniq_duvessa,
          uniq_prince_ribbit1
D:7:      basic_altar, serial_shops, shop, uniq_pikel
D:8:      okawaru_ov_weapons_minmay, ashenzari_altar_1,
          lemuel_coloured_pillars_altar, basic_altar
D:9:      david_lair_shrubbed, hangedman_ranch
D:10:     serial_shops, nicolae_shop_trees, basic_altar, uniq_harold
D:11:     kennysheep_orc_monster_closet_entryway, serial_shops,
          nicolae_shop_statue_plus, shop_fountains, shop, shop, shop,
          minmay_holes
Temple:   eino_wide_crystal_templ
Lair:2:   kennysheep_rathole, eino_house_with_fridge, uniq_sonja
Lair:3:   elwin_shoals_entry_stream, nicolae_spider_entry_orb_guardian,
          basic_altar, uniq_rupert
Lair:4:   minivault_27, infiniplex_staircase_pool, serial_bayou_shore_b
Sewer:    sewer_minmay_treatment

Skill      XL: |  1  2  3  4  5  6  7  8  9 10 11 12 |
---------------+-------------------------------------+-----
Fighting       | 1 4 |  4.4
Spellcasting   | 3 4 |  4.0
Ice Magic      | 4 5 6 7 9 10 12 13 | 13.3
Armour         | 1 2 |  2.6
Charms         | 1 2 4 |  4.4
Long Blades    | 1 2 3 4 6 8 9 11 13 | 13.1
Conjurations   | 2 3 |  3.5
Summonings     | 1 2 3 |  3.2
Dodging        | 3 5 6 |  6.4
Invocations    | 4 5 |  5.9
Air Magic      | 4 |  4.2
Stealth        | |  2.1

Action                   |  1- 3 |  4- 6 |  7- 9 | 10-12 || total
-------------------------+-------+-------+-------+-------++-------
Melee: Dagger            |    10 |   149 |   169 |    98 ||   426
       Falchion          |       |       |       |   626 ||   626
Throw: Stone             |    61 |    80 |    33 |    10 ||   184
 Cast: Freeze            |    26 |    54 |    80 |    24 ||   184
       Throw Frost       |    13 |    28 |    86 |    49 ||   176
       Ozocubu's Armour  |       |     7 |    13 |    32 ||    52
       Summon Ice Beast  |       |     4 |    20 |   121 ||   145
       Throw Icicle      |       |       |    11 |    27 ||    38
       Swiftness         |       |       |       |     7 ||     7
Invok: Ancestor Life: He |       |       |     1 |       ||     1
Evoke: Wand              |       |       |     3 |     4 ||     7
       Phantom mirror    |       |       |       |     1 ||     1
  Use: Potion            |       |     6 |    11 |     5 ||    22
       Scroll            |       |       |    10 |    17 ||    27
 Stab: Sleeping          |       |     4 |     4 |     7 ||    15
       Distracted        |       |       |     1 |    15 ||    16
       Confused          |       |       |     1 |    20 ||    21
  Eat: Chunk             |     3 |    10 |    28 |    52 ||    93
       Fruit             |       |       |     3 |     6 ||     9
Armor: Robe              |     2 |    36 |    60 |   112 ||   210
       Skin              |       |       |       |    25 ||    25
Dodge: Dodged            |    16 |    93 |   128 |   349 ||   586
Block: Other             |       |       |       |    15 ||    15
       Reflection        |       |       |       |     2 ||     2
